3184 views
Uploaded 2020-04-17 17:37:29
Game version 1.32.3
26:06 long 1on1 ladder game on (2)TerenasStand_LV
Saved by Ouarf
3184 views
Uploaded 2020-04-17 17:37:29
Game version 1.32.3
26:06 long 1on1 ladder game on (2)TerenasStand_LV

53 units @ 8.8k
/ 1.3k
20 buildings @ 3.3k
/ 0.9k


| Rod of Necromancy | 1 | 150 |
| Orb of Corruption | 1 | 375 |
| Dust of Appearance | 1 | 75 |
| Potion of Lesser Invulnerability | 1 | 150 |
| Boots of Speed | 1 | 250 |
| total: | 5 | 1000g |
| Acolyte | 12 | 900 | / | 0 |
| Ghoul | 9 | 1080 | / | 0 |
| Crypt Fiend | 17 | 3655 | / | 680 |
| Obsidian Statue | 12 | 2400 | / | 420 |
| Abomination | 3 | 720 | / | 210 |
| total: | 53 | 8755g | / | 1310w |
| Spirit Tower | 2 | 290 | / | 80 |
| Altar of Darkness | 1 | 180 | / | 50 |
| Ziggurat | 13 | 1950 | / | 650 |
| Crypt | 1 | 200 | / | 50 |
| Tomb of Relics | 1 | 130 | / | 30 |
| Graveyard | 1 | 215 | / | 0 |
| Necropolis | 2 | 450 | / | 0 |
| Slaughterhouse | 1 | 140 | / | 135 |
| Halls of the Dead | 1 | 320 | / | 210 |
| Black Citadel | 1 | 325 | / | 230 |
| total: | 20 | 3265g | / | 915w |
| 0:04 | Acolyte |
| 0:05 | Acolyte |
| 0:08 | Altar of Darkness |
| 0:14 | Ziggurat |
| 0:39 | Crypt |
| 1:00 | Tomb of Relics |
| 1:18 | Graveyard |
| 1:31 | Ziggurat |
| 1:44 | Ghoul |
| 2:04 | Ghoul |
| 2:09 | Unholy Aura |
| 2:12 | Rod of Necromancy |
| 2:15 | Dust of Appearance |
| 2:48 | Crypt Fiend |
| 3:15 | Halls of the Dead |
| 3:30 | Crypt Fiend |
| 3:55 | Crypt Fiend |
| 4:08 | Ziggurat |
| 4:39 | Crypt Fiend |
| 4:58 | Death Coil |
| 5:16 | Ziggurat |
| 5:19 | Ziggurat |
| 5:45 | Web |
| 6:10 | Black Arrow |
| 6:15 | Crypt Fiend |
| 6:51 | Black Citadel |
| 7:07 | Ghoul |
| 7:07 | Ghoul |
| 7:22 | Unholy Aura |
| 7:41 | Potion of Lesser Invulnerability |
| 7:44 | Boots of Speed |
| 7:54 | Creature Attack |
| 7:58 | Slaughterhouse |
| 8:27 | Crypt Fiend |
| 8:44 | Burrow |
| 9:12 | Obsidian Statue |
| 9:13 | Obsidian Statue |
| 9:15 | Silence |
| 9:34 | Orb of Corruption |
| 10:08 | Destroyer Form |
| 10:26 | Obsidian Statue |
| 10:28 | Improved Creature Attack |
| 10:51 | Crypt Fiend |
| 11:29 | Death Coil |
| 11:37 | Crypt Fiend |
| 11:38 | Obsidian Statue |
| 12:13 | Ziggurat |
| 12:14 | Advanced Creature Attack |
| 12:16 | Acolyte |
| 12:23 | Black Arrow |
| 13:17 | Creature Carapace |
| 13:21 | Necropolis |
| 14:22 | Life Drain |
| 14:32 | Obsidian Statue |
| 15:07 | Obsidian Statue |
| 15:11 | Acolyte |
| 15:11 | Acolyte |
| 15:11 | Acolyte |
| 15:11 | Acolyte |
| 15:13 | Ziggurat |
| 15:13 | Ziggurat |
| 15:26 | Improved Creature Carapace |
| 15:54 | Acolyte |
| 16:03 | Obsidian Statue |
| 16:46 | Crypt Fiend |
| 16:47 | Crypt Fiend |
| 16:54 | Spirit Tower |
| 16:55 | Spirit Tower |
| 17:56 | Crypt Fiend |
| 17:56 | Crypt Fiend |
| 17:57 | Obsidian Statue |
| 18:33 | Advanced Creature Carapace |
| 18:34 | Unholy Strength |
| 18:34 | Unholy Armor |
| 18:39 | Obsidian Statue |
| 18:47 | Unholy Aura |
| 19:14 | Necropolis |
| 19:53 | Ziggurat |
| 20:11 | Exhume Corpses |
| 20:13 | Ghoul |
| 20:13 | Ghoul |
| 20:13 | Ghoul |
| 20:13 | Ghoul |
| 21:22 | Black Arrow |
| 21:30 | Crypt Fiend |
| 21:30 | Crypt Fiend |
| 21:30 | Crypt Fiend |
| 21:38 | Acolyte |
| 21:55 | Ziggurat |
| 21:56 | Ziggurat |
| 21:57 | Acolyte |
| 21:57 | Acolyte |
| 22:19 | Disease Cloud |
| 22:23 | Abomination |
| 22:58 | Ghoul |
| 24:05 | Crypt Fiend |
| 24:06 | Obsidian Statue |
| 24:07 | Obsidian Statue |
| 24:35 | Obsidian Statue |
| 24:35 | Abomination |
| 24:40 | Ziggurat |
| 24:42 | Ziggurat |
| 25:31 | Crypt Fiend |
| 25:33 | Abomination |
| 26:02 | Acolyte |
| Right click | 2134 |
| Select group | 1038 |
| Select | 431 |
| Assign group | 153 |
| Build/train/purchase | 131 |
| Misc. action | 93 |
| Use ability | 41 |
| Chat | 29 |
| Item give/drop | 9 |
| Esc | 8 |
57 units @ 8.4k
/ 1.6k
16 buildings @ 3.4k
/ 1.6k


| Scroll of Town Portal | 2 | 700 |
| total: | 2 | 700g |
| Wisp | 17 | 1020 | / | 0 |
| Archer | 5 | 650 | / | 50 |
| Huntress | 14 | 2730 | / | 280 |
| Dryad | 9 | 1305 | / | 540 |
| Druid of the Claw | 8 | 2040 | / | 640 |
| Hippogryph | 3 | 480 | / | 60 |
| Forest Troll Shadow Priest | 1 | 195 | / | 10 |
| total: | 57 | 8420g | / | 1580w |
| Altar of Elders | 1 | 180 | / | 50 |
| Moon Well | 6 | 1080 | / | 240 |
| Ancient of War | 1 | 150 | / | 60 |
| Hunter's Hall | 1 | 210 | / | 100 |
| Tree of Life | 4 | 1360 | / | 740 |
| Ancient of Lore | 2 | 310 | / | 290 |
| Ancient of Wind | 1 | 150 | / | 140 |
| Tree of Ages | 1 | 320 | / | 180 |
| Tree of Eternity | 1 | 330 | / | 200 |
| total: | 16 | 3440g | / | 1620w |
| 0:15 | Altar of Elders |
| 0:18 | Moon Well |
| 0:19 | Wisp |
| 0:39 | Ancient of War |
| 0:42 | Wisp |
| 0:59 | Wisp |
| 1:00 | Wisp |
| 1:23 | Wisp |
| 1:41 | Archer |
| 1:46 | Moon Well |
| 1:47 | Wisp |
| 1:59 | Archer |
| 2:05 | Wisp |
| 2:18 | Mana Burn |
| 2:34 | Hunter's Hall |
| 2:45 | Archer |
| 2:47 | Wisp |
| 3:03 | Wisp |
| 3:04 | Archer |
| 3:23 | Moon Well |
| 3:42 | Huntress |
| 4:25 | Immolation |
| 4:32 | Huntress |
| 4:33 | Tree of Ages |
| 4:57 | Moon Well |
| 5:11 | Huntress |
| 5:34 | Huntress |
| 5:40 | Moon Well |
| 6:12 | Mana Burn |
| 6:16 | Huntress |
| 7:35 | Huntress |
| 7:45 | Tree of Life |
| 7:51 | Ancient of Lore |
| 8:02 | Force of Nature |
| 8:08 | Moon Glaive |
| 8:26 | Wisp |
| 8:26 | Wisp |
| 8:40 | Immolation |
| 8:41 | Forest Troll Shadow Priest |
| 9:04 | Dryad |
| 9:06 | Huntress |
| 9:09 | Moon Well |
| 9:19 | Tree of Life |
| 9:40 | Abolish Magic |
| 9:53 | Entangling Roots |
| 10:15 | Tree of Eternity |
| 11:44 | Dryad |
| 11:45 | Huntress |
| 11:49 | Ancient of Lore |
| 11:55 | Wisp |
| 11:55 | Wisp |
| 12:02 | Scroll of Town Portal |
| 12:21 | Huntress |
| 12:35 | Wisp |
| 12:35 | Wisp |
| 13:07 | Druid of the Claw |
| 13:08 | Druid of the Claw |
| 13:21 | Druid of the Claw Adept Training |
| 13:26 | Wisp |
| 13:30 | Huntress |
| 14:21 | Druid of the Claw |
| 14:25 | Druid of the Claw Master Training |
| 14:26 | Huntress |
| 14:41 | Druid of the Claw |
| 14:42 | Huntress |
| 15:12 | Mark of the Claw |
| 15:14 | Druid of the Claw |
| 15:15 | Huntress |
| 15:57 | Scroll of Town Portal |
| 16:55 | Tree of Life |
| 17:02 | Force of Nature |
| 17:26 | Archer |
| 17:28 | Dryad |
| 17:30 | Mana Burn |
| 17:57 | Dryad |
| 18:36 | Ancient of Wind |
| 18:38 | Dryad |
| 18:57 | Dryad |
| 19:34 | Dryad |
| 19:38 | Hippogryph |
| 20:05 | Wisp |
| 20:13 | Druid of the Claw |
| 20:47 | Druid of the Claw |
| 20:48 | Huntress |
| 21:20 | Hippogryph |
| 21:21 | Druid of the Claw |
| 22:27 | Dryad |
| 22:29 | Hippogryph |
| 23:11 | Dryad |
| 24:06 | Tree of Life |
| 24:28 | Entangling Roots |
| Right click | 1043 |
| Select group | 433 |
| Select | 402 |
| Misc. action | 106 |
| Build/train/purchase | 106 |
| Assign group | 67 |
| Use ability | 50 |
| Chat | 19 |
| Esc | 5 |
| Item give/drop | 3 |
โ